 Dungeon Crawl Stone Soup version 0.26.1-2-gb8aa6d0cf2 (webtiles) character file.

Game seed: 13012004180983379898

5784 Descartes the Blocker (level 10, -5/47 HPs)
             Began as a Vine Stalker Fighter on Feb 23, 2021.
             Was a Believer of Makhleb.
             Killed from afar by Erolcha (17 damage)
             ... with a crystal spear
             ... on level 9 of the Dungeon.
             The game lasted 00:22:21 (6838 turns).

Descartes the Blocker (Vine Stalker Fighter)        Turns: 6838, Time: 00:22:22

Health: -5/47      AC: 17    Str: 21    XL:     10   Next: 78%
Magic:  0/11       EV:  6    Int: 10    God:    Makhleb [**....]
Gold:   279        SH: 13    Dex: 17    Spells: 9/9 levels left

rFire    . . .     SeeInvis +   I - +1 war axe "Xugeemua" {vorpal, Dex+4} (curse)
rCold    . . .     Faith    .   c - +0 kite shield
rNeg     . . .     Spirit   +   l - +4 chain mail
rPois    .         Reflect  .   s - +1 helmet
rElec    .         Harm     .   t - +0 cloak (curse)
rCorr    .         Rampage  .   (no gloves)
Will     +....                  A - +0 pair of boots
Stlth    ..........             (no amulet)
HPRegen  0.55/turn              H - ring of see invisible
MPRegen  0.12/turn              L - ring of flight

@: no status effects
A: fangs 3, regeneration 1, magic shield, antimagic bite, no potion heal 3
a: Renounce Religion, Evoke Flight, Minor Destruction


You were on level 9 of the Dungeon.
You worshipped Makhleb.
Makhleb was pleased with you.
You visited 2 branches of the dungeon, and saw 10 of its levels.
You also visited: Ossuary.

You collected 443 gold pieces.
You spent 164 gold pieces at shops.

Inventory:

Hand Weapons
 I - the cursed +1 war axe "Xugeemua" (weapon) {vorpal, Dex+4}
   (You found it on level 7 of the Dungeon)

   It inflicts extra damage upon your enemies.
   It affects your dexterity (+4).
   It has a curse placed upon it.
Missiles
 g - 226 arrows
 h - 89 sling bullets
 r - 92 stones (quivered)
 x - 12 poisoned darts
 B - 18 boomerangs
Armour
 a - a +0 plate armour
 c - a +0 kite shield (worn)
 d - a +0 chain mail of fire resistance
 l - a +4 chain mail (worn)
 s - a +1 helmet (worn)
 t - a cursed +0 cloak (worn)
 A - a +0 pair of boots (worn)
Jewellery
 H - a ring of see invisible (left hand)
 L - a ring of flight (right hand)
Wands
 k - a wand of iceblast (13)
 z - a wand of enslavement (5)
 M - a wand of polymorph (5)
Scrolls
 b - a scroll of noise {unknown}
 e - a scroll of remove curse
 f - 8 scrolls of teleportation
 j - 3 scrolls of enchant armour
 o - 4 scrolls of fear {unknown}
 w - a scroll of fog {unknown}
 y - 6 scrolls of identify
 D - a scroll of amnesia {unknown}
 J - 3 scrolls of enchant weapon {unknown}
 K - a scroll of immolation {unknown}
 N - a scroll of random uselessness {unknown}
Potions
 i - 3 potions of curing
 m - 3 potions of lignification
 n - a potion of berserk rage
 p - 2 potions of magic
 q - 2 potions of flight
 u - a potion of attraction {unknown}
 v - a potion of invisibility {unknown}
 C - 2 potions of degeneration {unknown}
 E - a potion of resistance
 F - a potion of haste {unknown}
 G - a potion of mutation {unknown}


   Skills:
 - Level 2.6 Fighting
 + Level 6.1 Axes
 - Level 2.4 Armour
 + Level 11.0 Shields
 + Level 7.6 Evocations


You had 9 spell levels left.
You didn't know any spells.
Your spell library contained the following spells:

 Spells                   Type           Power        Failure   Level
 Animate Skeleton         Necr           0%           99%         1
 Magic Dart               Conj           0%           99%         1
 Pain                     Necr           0%           99%         1
 Searing Ray              Conj           0%           100%        2
 Dazzling Flash           Conj/Hex       0%           100%        3
 Vampiric Draining        Necr           0%           100%        3
 Animate Dead             Necr           0%           100%        4
 Fulminant Prism          Conj/Hex       0%           100%        4
 Iskenderun's Mystic Bla  Conj/Tloc      0%           100%        4
 Agony                    Necr           0%           100%        5
 Irradiate                Conj/Tmut      0%           100%        5
 Hydra Form               Tmut           0%           100%        6
 Statue Form              Tmut/Erth      0%           100%        6
 Dragon Form              Tmut           0%           100%        7


Dungeon Overview and Level Annotations

Branches:
Dungeon (10/15)            Temple (1/1) D:6            Lair (0/6) D:10
    Orc (0/2) D:10        Ossuary (visited)

Altars:
Ashenzari
Cheibriados
Dithmenos
Elyvilon
Fedhas
Gozag
Hepliaklqana
Kikubaaqudgha
Makhleb
Nemelex Xobeh
Okawaru
Qazlal
Ru
Sif Muna
Trog
Uskayaw
Vehumet
Wu Jian
Xom
Yredelemnul
Zin
The Shining One
Beogh

Shops:
D:4 **[}(

Annotations:
D:9 Erolcha


Innate Abilities, Weirdness & Mutations

You have razor-sharp teeth.
Your natural rate of healing is unusually fast.
When hurt, damage is shared between your health and your magic reserves.
Your bite disrupts and absorbs the magic of your enemies.
Potions cannot restore your health.


Message History

Ouch! That really hurt!
* * * LOW HITPOINT WARNING * * *
You are too injured to fight recklessly!
Unknown command.
You are too injured to fight recklessly!
Unknown command.
You are too injured to fight recklessly!
Unknown command.
You are too injured to fight recklessly!
Unknown command.
You are too injured to fight recklessly!
Unknown command.
You are too injured to fight recklessly!
You slash the centaur!
You kill the centaur!
Makhleb accepts your kill.
You barely miss Erolcha.
Erolcha points at you and mumbles some strange words.
The crystal spear hits you!!
You die...

........#.....#....#....#.......#
........#..#'##....#....#.......#
........'..#..######....#.......'
........#..#..#....#....#.......#
........#..#..'....######.......#
........#..####....# #.......#
........#..# #....# #.......#
#...#####..+ #....# #.......#
.... +..# ##@### ######...## ...
### #O)..# #..#.....#. #....#
#..#.....#. #....+ #..'.....#.
#....# #..#.....#. ######
#..#######. #.....#....
#.....#..<. #.....#..#.


You could see Erolcha (fast, resistant).

Vanquished Creatures
  A two-headed ogre (D:9)
  A death yak (D:10)
  An unseen horror (D:10)
  Sigmund (D:3)
  2 humans (D:7)
  A wyvern (D:10)
  Menkaure (D:4)
  A sky beast (D:9)
  An ice beast (D:10)
  A phantom (D:9)
  3 orc warriors
  A black bear (D:10)
  3 ogres
  6 centaurs
  Blork the orc (D:4)
  2 bullfrogs
  A gnoll sergeant (D:6)
  A scorpion (D:4)
  6 killer bees (D:10)
  5 hounds
  A centaur zombie (D:6)
  A jelly (D:9)
  5 orc priests
  8 orc wizards
  2 centaur skeletons
  A gnoll shaman (D:4)
  Natasha (twice) (D:3)
  A bullfrog skeleton (D:5)
  2 iguanas (D:5)
  4 worker ants
  2 killer bee zombies
  7 big kobold zombies (Ossuary)
  A mummy (Ossuary)
  A worker ant zombie (D:5)
  13 adders
  13 gnolls
  A shadow imp (D:9)
  2 white imps
  2 ufetubi
  A worm (D:2)
  A dart slug (D:2)
  3 leopard geckos
  20 orcs
  A spectral bat (Ossuary)
  2 bats
  A giant cockroach (D:1)
  4 goblins
  2 hobgoblins
  13 jackals
  2 quokkas (D:5)
  A ball python (D:3)
  2 bat simulacra (Ossuary)
  3 frilled lizards
  5 gnoll zombies (Ossuary)
  3 goblin simulacra (Ossuary)
  3 goblin zombies (Ossuary)
  3 hobgoblin zombies (Ossuary)
  3 kobolds
  4 kobold simulacra (Ossuary)
  5 kobold zombies (Ossuary)
  A leopard gecko skeleton (D:3)
  A leopard gecko zombie (D:5)
  7 orc zombies (Ossuary)
  3 rats
  5 rat simulacra (Ossuary)
  4 spectral goblins (Ossuary)
  A spectral kobold (Ossuary)
  2 spectral rats (Ossuary)
215 creatures vanquished.

Vanquished Creatures (others)
  A plant (D:10)
1 creature vanquished.

Grand Total: 216 creatures vanquished

Notes
Turn   | Place    | Note
-------+----------+-------------------------------------------
     0 | D:1      | Descartes the Vine Stalker Fighter began the quest for the
                  | Orb.
     0 | D:1      | Reached XP level 1. HP: 11/11 MP: 2/2
   131 | D:1      | Reached skill level 3 in Shields
   221 | D:1      | Reached XP level 2. HP: 16/16 MP: 3/3
   565 | D:2      | Reached XP level 3. HP: 19/19 MP: 4/4
   592 | D:2      | Reached skill level 4 in Shields
  1302 | D:3      | Gained mutation: Your natural rate of healing is unusually
                  | fast. [Vine Stalker growth]
  1302 | D:3      | Reached XP level 4. HP: 20/23 MP: 3/5
  1384 | D:3      | Noticed Sigmund
  1384 | D:3      | Noticed Natasha
  1439 | D:3      | Killed Natasha
  1442 | D:3      | Noticed Natasha
  1452 | D:3      | Killed Sigmund
  1453 | D:3      | Reached skill level 6 in Shields
  1453 | D:3      | Reached XP level 5. HP: 12/27 MP: 3/6
  1453 | D:3      | Reached XP level 6. HP: 15/32 MP: 3/7
  1463 | D:3      | Killed Natasha
  1534 | D:3      | You fall into a shaft and drop 1 floor!
  1658 | D:4      | Found Verhus's Weapon Emporium.
  1669 | D:4      | Found Hofeex's Gadget Boutique.
  1757 | D:4      | Noticed Blork the orc
  1763 | D:4      | HP: 1/32 [orc priest/divine providence (8)]
  1777 | D:4      | Killed Blork the orc
  1778 | D:4      | Reached skill level 7 in Shields
  1778 | D:4      | Reached XP level 7. HP: 10/35 MP: 8/8
  1850 | D:4      | Found a sand-covered staircase.
  1855 | Ossuary  | Entered an ossuary
  2323 | D:4      | Reached skill level 8 in Shields
  2405 | D:4      | Found Duxtunou's General Store.
  2417 | D:4      | Bought a wand of iceblast (6) for 120 gold pieces
  2482 | D:4      | Found Fiduw's Assorted Antiques.
  2485 | D:4      | Bought a sedimented silvery potion for 22 gold pieces
  2485 | D:4      | Bought an inky potion for 22 gold pieces
  2704 | D:4      | Reached skill level 1 in Evocations
  2713 | D:4      | Gained mutation: You have razor-sharp teeth. [Vine Stalker
                  | growth]
  2713 | D:4      | Reached XP level 8. HP: 39/39 MP: 9/9
  2767 | D:4      | Found Kasmal's Armour Boutique.
  2825 | D:4      | Noticed Menkaure
  2830 | D:4      | Killed Menkaure
  3064 | D:5      | Entered Level 5 of the Dungeon
  3515 | D:5      | Reached skill level 9 in Shields
  3617 | D:5      | Found a sacrificial altar of Ru.
  3906 | D:6      | Found a basalt altar of Yredelemnul.
  4031 | D:6      | Found a staircase to the Ecumenical Temple.
  4050 | Temple   | Entered the Ecumenical Temple
  4378 | Temple   | Became a worshipper of Makhleb the Destroyer
  4521 | D:6      | Reached XP level 9. HP: 43/43 MP: 10/10
  4882 | D:7      | Got a warped war axe
  4883 | D:7      | Identified the cursed +1 war axe "Xugeemua" {vorpal, Dex+4}
                  | (You found it on level 7 of the Dungeon)
  4934 | D:7      | Found an iron altar of Okawaru.
  4962 | D:7      | Reached skill level 5 in Evocations
  5293 | D:7      | Reached skill level 10 in Shields
  5388 | D:7      | You fall into a shaft and drop 3 floors!
  5388 | D:10     | Entered Level 10 of the Dungeon
  5396 | D:10     | Found a staircase to the Lair.
  5396 | D:10     | Noticed a death yak
  5418 | D:10     | Killed a death yak
  5422 | D:10     | Reached XP level 10. HP: 22/47 MP: 7/11
  5426 | D:10     | Reached * piety under Makhleb
  5698 | D:10     | Noticed an unseen horror
  5700 | D:10     | Reached skill level 5 in Axes
  5710 | D:10     | HP: 2/47 [poisoned by a killer bee]
  5744 | D:10     | Killed an unseen horror
  5802 | D:10     | Found a staircase to the Orcish Mines.
  5812 | D:10     | Found a roughly hewn altar of Beogh.
  6004 | D:9      | Noticed a two-headed ogre
  6013 | D:9      | Killed a two-headed ogre
  6013 | D:9      | Reached ** piety under Makhleb
  6014 | D:9      | Reached skill level 11 in Shields
  6831 | D:9      | Noticed Erolcha
  6838 | D:9      | Killed from afar by Erolcha

Illustrated notes

Levels and vault maps discovered:
D:1:      giann_horns, layout_basic
D:2:      layout_loops_cross, kennysheep_generic_room_3
D:3:      layout_rooms, serial_undead, serial_undead_a, serial_undead_f,
          serial_undead_d, serial_undead_b, chequers_serial_rivers_large_a,
          uniq_natasha, uniq_crazy_yiuf_cottage, uniq_sigmund
D:4:      layout_cave_pods, serial_shops, kennysheep_mini_moat,
          nicolae_shop_behind_doors, kennysheep_mini, shop, shop_statue,
          nicolae_ossuary_entry_false_entrances, uniq_blork_the_orc,
          uniq_menkaure
D:5:      layout_gridville, hangedman_decor_riveting,
          nicolae_ru_the_path_less_chosen
D:6:      layout_loops_ring, minmay_temple_entry_arrows,
          yredelemnul_altar_generic
D:7:      layout_rooms, okawaru_humans
D:9:      layout_grid_maze, uniq_erolcha
D:10:     layout_stronghold, david_lair_generic, minmay_orc_entry_temple_small
Temple:   nicolae_temple_the_god_donut

Skill      XL: |  1  2  3  4  5  6  7  8  9 10 |
---------------+-------------------------------+-----
Shields        | 3 4 6 7 8 9 10 11 | 11.0
Evocations     | 1 4 6 7 |  7.6
Axes           | 4 6 |  6.1
Fighting       | |  2.6
Armour         | |  2.4

Action                   |  1- 3 |  4- 6 |  7- 9 | 10-12 || total
-------------------------+-------+-------+-------+-------++-------
Melee: War axe           |    52 |    82 |   465 |   151 ||   750
       Bite              |     8 |    21 |   147 |    45 ||   221
  Use: Scroll            |       |     4 |     5 |       ||     9
       Potion            |       |     1 |     2 |     1 ||     4
Armor: Scale mail        |     4 |       |       |       ||     4
       Chain mail        |    23 |    80 |   329 |   124 ||   556
Dodge: Dodged            |    10 |    37 |   160 |    47 ||   254
Block: Kite shield       |    25 |    54 |   347 |   163 ||   589
